 Dungeon Crawl Stone Soup version 0.30-a0-956-gcec3b41aec (webtiles) character file.

Game seed: 14307645296336339356

350 vishdafish the Conjurer (level 6, 0/41 HPs)
             Began as a Demonspawn Conjurer on Mar 30, 2023.
             Slain by a troll (6 damage)
             ... on level 5 of the Dungeon.
             The game lasted 00:03:18 (4234 turns).

vishdafish the Conjurer (Demonspawn Conjurer)       Turns: 4234, Time: 00:03:18

Health: 0/41       AC:  5    Str:  7    XL:     6   Next: 33%
Magic:  7/12       EV: 12    Int: 21    God:
Gold:   307        SH:  0    Dex: 12    Spells: 13/14 levels left

rFire   . . .      SeeInvis +    f - +0 short sword (venom)
rCold   . . .      Faith    .    (no shield)
rNeg    . . .      Spirit   .    a - +0 robe
rPois   +          Reflect  .    (no helmet)
rElec   .          Rampage  .    (no cloak)
rCorr   .                        (no gloves)
Will    .....                    x - +0 pair of boots "Feanust" {rPois SInv}
Stlth   ++                       i - amulet of regeneration
HPRegen 1.06/turn                (no ring)
MPRegen 0.13/turn                (no ring)

@: no status effects
A: hooves 1, yellow scales 1
a: no special abilities


You were on level 5 of the Dungeon.
You visited 1 branch of the dungeon, and saw 5 of its levels.

You collected 307 gold pieces.

Inventory:

Hand Weapons
 f - a +0 short sword of venom (weapon)
Missiles
 w - a throwing net
Armour
 a - a +0 robe (worn)
 x - the +0 pair of boots "Feanust" (worn) {rPois SInv}
   (You found it on level 4 of the Dungeon)

   rPois:     It protects you from poison.
   SInv:      It lets you see invisible.
Jewellery
 i - an amulet of regeneration (around neck)
 l - an amulet of the acrobat
 n - a ring of protection from fire
 t - a ring of ice
Wands
 o - a wand of light (8)
 u - a wand of roots (7)
Scrolls
 c - 5 scrolls of identify {unknown}
 e - a scroll of teleportation {unknown}
 h - a scroll of acquirement {unknown}
 j - a scroll of amnesia {unknown}
 p - a scroll of fear {unknown}
 r - a scroll of noise {unknown}
 s - a scroll of poison {unknown}
Potions
 b - a potion of magic
 k - 2 potions of mutation {unknown}
 m - a potion of brilliance {unknown}
 q - 2 potions of cancellation {unknown}
 v - a potion of ambrosia {unknown}


   Skills:
 - Level 1.7 Dodging
 - Level 1.7 Stealth
 + Level 4.6 Spellcasting
 + Level 6.1 Conjurations


You had 13 spell levels left.
You knew the following spells:

 Your Spells              Type           Power      Damage    Failure   Level
a - Magic Dart            Conj           100%       1d8       1%          1

Your spell library contained the following spells:

 Spells                   Type           Power      Damage    Failure   Level
 Searing Ray              Conj           60%        2d6       1%          2
 Dazzling Flash           Conj/Hex       34%        N/A       10%         3
 Slow                     Hex            16%        N/A       12%         1
 Fulminant Prism          Conj/Hex       8%         3d7       32%         4
 Iskenderun's Mystic Bla  Conj/Tloc      17%        2d5       32%         4
 Confusing Touch          Hex            4%         N/A       34%         3
 Frozen Ramparts          Ice            8%         1d2       34%         3
 Portal Projectile        Hex/Tloc       8%         N/A       34%         3
 Tukima's Dance           Hex            4%         N/A       34%         3
 Vampiric Draining        Necr           4%         2d6       34%         3
 Irradiate                Conj/Tmut      8%         3d14      65%         5
 Ice Form                 Ice/Tmut       4%         N/A       75%         4
 Summon Ice Beast         Ice/Summ       4%         N/A       75%         4
 Blade Hands              Tmut           2%         N/A       97%         5
 Dragon Form              Tmut           2%         N/A       100%        7


Dungeon Overview and Level Annotations

Branches:
Dungeon (5/15)
 Temple: D:4-7

Altars:
Cheibriados
Dithmenos

Shops:
D:1 ?

Annotations:
D:4 3 runed translucent doors, Takeo's ghost, amateur MiFi


Innate Abilities, Weirdness & Mutations

You have large cloven feet.
You are partially covered in yellow scales. (AC +2)


Message History

You climb upwards.
There is a stone staircase leading down here.
Done exploring.
Done exploring.
Done exploring.
Done exploring.
(D) Dungeon
Where to? (Enter - D:3, ? - help)
You climb downwards.
Level annotation: 3 runed translucent doors, Takeo's ghost, amateur MiFi
There is a stone staircase leading up here.
(D) Dungeon
Where to? (Enter - D:4, ? - help)
There is a stone staircase leading down here.
You climb downwards.
The troll shouts!
Found a scroll labelled XYXUG PEEREL.
There is a stone staircase leading up here.
A troll is nearby!
The magic dart hits the troll.
The troll is lightly wounded.
The magic dart hits the troll.
The troll is moderately wounded.
The magic dart hits the troll.
The troll is moderately wounded.
It was a potion of heal wounds.
You feel much better.
The magic dart hits the troll.
The troll is moderately wounded.
The troll bites you. The troll barely misses you. The troll claws you.
The magic dart hits the troll.
The troll is moderately wounded.
The troll bites you! The troll claws you. The troll barely misses you.
The magic dart hits the troll.
The troll is heavily wounded.
The troll bites you. The troll claws you! The troll barely misses you.
You are too injured to fight recklessly!
It was a potion of curing.
You feel better. The troll bites you!
* * * LOW HITPOINT WARNING * * *
The troll claws you but does no damage. The troll claws you.
You die...

.#.. ...#.
#####.....
.......
......
#...#
#.T?# #@#
###


You could see a troll.

Vanquished Creatures
  A kobold brigand (D:3)
  A hound (D:4)
  Jessica (D:2)
  Ijyb (D:4)
  Natasha (twice) (D:4)
  6 adders
  4 gnolls (D:4)
  A worm (D:2)
  A dart slug (D:4)
  An orc (D:3)
  2 endoplasms
  6 giant cockroaches
  6 goblins
  4 hobgoblins
  4 jackals (D:3)
  6 ball pythons
  3 bats
  A frilled lizard (D:2)
  7 kobolds
  7 rats
65 creatures vanquished.

Notes
Turn   | Place    | Note
-------+----------+-------------------------------------------
     0 | D:1      | vishdafish the Demonspawn Conjurer began the quest for the
                  | Orb.
     0 | D:1      | Reached XP level 1. HP: 13/13 MP: 3/3
   210 | D:1      | Found The Oracle's Delphic Readings.
   330 | D:1      | Gained mutation: You are partially covered in yellow
                  | scales. (AC +2) [demonic ancestry]
   330 | D:1      | Reached XP level 2. HP: 19/19 MP: 1/5
  1032 | D:2      | Noticed Jessica
  1040 | D:2      | Killed Jessica
  1041 | D:2      | Reached XP level 3. HP: 12/24 MP: 0/7
  1255 | D:2      | Gained mutation: You have large cloven feet. [demonic
                  | ancestry]
  1255 | D:2      | Reached XP level 4. HP: 30/30 MP: 3/8
  1413 | D:2      | Reached skill level 5 in Conjurations
  2084 | D:3      | Noticed a kobold brigand
  2187 | D:3      | Killed a kobold brigand
  2188 | D:3      | Reached XP level 5. HP: 29/35 MP: 2/10
  2632 | D:3      | Found a shadowy altar of Dithmenos.
  2632 | D:3      | Found a snail-covered altar of Cheibriados.
  3276 | D:4      | Found a runed translucent gate.
  3277 | D:4      | Found a runed translucent gate.
  3277 | D:4      | Found a runed translucent gate.
  3280 | D:4      | Noticed Takeo's ghost (amateur MiFi)
  3330 | D:4      | Reached XP level 6. HP: 41/41 MP: 1/12
  3448 | D:4      | Noticed Natasha
  3451 | D:4      | Killed Natasha
  3607 | D:4      | Reached skill level 6 in Conjurations
  3640 | D:4      | Noticed Natasha
  3648 | D:4      | Killed Natasha
  3683 | D:4      | Noticed Ijyb
  3696 | D:4      | Killed Ijyb
  3968 | D:4      | Identified the +0 pair of boots "Feanust" {rPois SInv}
  4226 | D:5      | Entered Level 5 of the Dungeon
  4226 | D:5      | Noticed a troll
  4234 | D:5      | Slain by a troll

Illustrated notes

Levels and vault maps discovered:
D:1:      giann_horns, layout_loops_ring, nicolae_nh_oracle_at_delphi
D:2:      layout_loops_ring, uniq_jessica
D:3:      layout_basic, jmf_multi_god_temple
D:4:      layout_loops_corners, ebering_ghost_rock_garden, uniq_ijyb,
          uniq_natasha
D:5:      layout_rooms, kennysheep_path_1, dk_noncrumbling_4,
          uniq_crazy_yiuf_cottage, uniq_pikel

Skill      XL: |  1  2  3  4  5  6 |
---------------+-------------------+-----
Spellcasting   | 3 4 |  4.6
Conjurations   | 5 6 |  6.1
Dodging        | |  1.7
Stealth        | |  1.7

Action                     |  1- 3 |  4- 6 || total
---------------------------+-------+-------++-------
  Melee: Unarmed           |     2 |       ||     2
         Short sword       |     1 |    52 ||    53
         Kick              |       |    10 ||    10
         Punch             |       |     1 ||     1
   Cast: Magic Dart        |    50 |    95 ||   145
    Use: Potion            |       |     2 ||     2
 Armour: Robe              |     3 |    18 ||    21
  Dodge: Dodged            |     2 |    41 ||    43

Table legend: (Time is in decaauts)
 A = Elapsed time spent in this place.
 B = Non-inter-level travel time spent in this place.
 C = Inter-level travel time spent in this place.
 D = Time resting spent in this place.
 E = Time spent auto-exploring this place.
 F = Levels seen in this place.
 G = Mean time per level.
                   A        B        C        D        E       F      G
               +--------+--------+--------+--------+--------+-----+--------+
         Total |   4241 |   3985 |    256 |      0 |   3611 |   5 |  848.2 |
       Dungeon |   4241 |   3985 |    256 |      0 |   3611 |   5 |  848.2 |
               +--------+--------+--------+--------+--------+-----+--------+

Top non-repeatable levels by time:
     D:2: 1247 daAuts
     D:4: 1156 daAuts
     D:3: 954 daAuts
     D:1: 876 daAuts
     D:5: 7 daAuts
